 Dungeon Crawl Stone Soup version 0.26-a0-651-gb41185065b (webtiles) character file.

Game seed: 2164071843557019030

776 loralnil the Grave Robber (level 7, 0/36 HPs)
             Began as a Deep Elf Necromancer on Oct 19, 2020.
             Slain by an orc wizard
             ... wielding a +0 dagger
              (3 damage)
             ... on level 5 of the Dungeon.
             The game lasted 00:13:39 (4694 turns).

loralnil the Grave Robber (Deep Elf Necromancer)    Turns: 4694, Time: 00:13:40

Health: 0/36       AC:  9    Str:  5    XL:     7   Next: 54%
Magic:  0/18       EV: 15    Int: 22    God:
Gold:   248        SH:  5    Dex: 15    Spells: 13/18 levels left

rFire    . . .     SeeInvis .   (no weapon)
rCold    . . .     Faith    .   (no shield)
rNeg     . . .     Spirit   .   a - +0 robe
rPois    .         Reflect  +   j - +2 helmet
rElec    .         Harm     .   (no cloak)
rCorr    +         Rampage  .   (no gloves)
MR       .....                  (no boots)
Stlth    +++.......             e - amulet of reflection
HPRegen  0.12/turn              g - ring of resist corrosion
MPRegen  0.16/turn              o - +4 ring of protection

@: no status effects
A: no striking features
a: no special abilities


You were on level 5 of the Dungeon.
You visited 1 branch of the dungeon, and saw 5 of its levels.

You collected 248 gold pieces.

Inventory:

Armour
 a - a +0 robe (worn)
 j - a +2 helmet (worn)
Jewellery
 e - an amulet of reflection (around neck)
 g - a ring of resist corrosion (left hand)
 o - a +4 ring of protection (right hand)
Scrolls
 c - a scroll of amnesia {unknown}
 d - a scroll of enchant weapon
 f - a scroll of remove curse {unknown}
 l - a scroll of fear {unknown}
 m - a scroll of teleportation {unknown}
 q - a scroll of blinking {unknown}
 r - a scroll of identify
Potions
 b - a potion of brilliance {unknown}
 h - 2 potions of ambrosia
 i - 2 potions of lignification
 k - 2 potions of curing {unknown}
 n - a potion of might {unknown}
 p - a potion of mutation {unknown}


   Skills:
 + Level 5.4 Dodging
 + Level 6.0 Stealth
 + Level 6.3 Spellcasting
 + Level 7.0 Necromancy


You had 13 spell levels left.
You knew the following spells:

 Your Spells              Type           Power        Failure   Level
a - Pain                  Necr           ####         1%          1
b - Animate Skeleton      Necr           #####.       1%          1
c - Vampiric Draining     Necr           #####.....   1%          3

Your spell library contained the following spells:

 Spells                   Type           Power        Failure   Level
 Animate Dead             Necr           #####.....   4%          4
 Agony                    Necr           #####...     14%         5


Dungeon Overview and Level Annotations

Branches:
Dungeon (5/15)
 Temple: D:4-7

Altars:

Annotations:
D:4 Menkaure, Pikel


Message History

Casting: Vampiric Draining (safe; 1% risk of failure)
Confirm with . or Enter, or press ? or * to list all spells.
Aiming: Pain (safe; 1% risk of failure)
Press: ? - help, Shift-Dir - straight line, f/p - orc wizard
Aim: an orc wizard, wielding a +0 dagger and wearing a +0 robe (heavily wounded, fast, chance to defeat MR: 84%)
The orc wizard writhes in agony.
You kill the orc wizard!
Your Stealth skill increases to level 6!
Your Necromancy skill increases to level 7!
Your orc skeleton barely misses the orc.
You block the shadow imp's attack. Something hits you but does no damage.
The orc throws a stone.
The shadow imp gestures at you. Pain shoots through your body!
* * * LOW HITPOINT WARNING * * *
Your orc skeleton barely misses the orc.
Things that are here:
a +0 dagger; a +0 robe Something hits you.
You die...

... .... ##.....
### .#..... ....
##....... ....##
#........
......#######..#
.......O5.)[oZ.#
........###@#Z##
..>....<# #.#...
..#.##..#
#>#.##.# # #..#
#.#.# .. #..#
#.#S# ## #...
..... ..## ###.Z
##


You could see an ogre, a shadow imp, an orc and a hound zombie.

Vanquished Creatures
  Duvessa (D:4)
  2 ogres
  A centaur (D:5)
  Dowan (D:3)
  A scorpion (D:5)
  An orc priest (D:3)
  2 orc wizards
  An iguana (D:4)
  A worker ant (D:4)
  A hound skeleton (D:3)
  5 adders
  2 oozes (D:2)
  3 worms
  4 dart slugs
  3 leopard geckos
  9 orcs
  A ball python (D:1)
  9 bats
  7 giant cockroaches
  8 goblins
  12 hobgoblins
  4 jackals (D:3)
  9 kobolds
  4 quokkas
  5 frilled lizards
  9 rats
106 creatures vanquished.

Vanquished Creatures (collateral kills)
  A dart slug (D:5)
1 creature vanquished.

Grand Total: 107 creatures vanquished

Notes
Turn   | Place    | Note
-------+----------+-------------------------------------------
     0 | D:1      | loralnil the Deep Elf Necromancer began the quest for the
                  | Orb.
     0 | D:1      | Reached XP level 1. HP: 10/10 MP: 6/6
   188 | D:1      | Reached skill level 5 in Necromancy
   188 | D:1      | Reached XP level 2. HP: 11/15 MP: 2/8
   407 | D:1      | Learned a level 1 spell: Animate Skeleton
   874 | D:1      | Reached XP level 3. HP: 16/19 MP: 6/10
   881 | D:1      | Learned a level 3 spell: Vampiric Draining
  2344 | D:2      | Reached XP level 4. HP: 21/24 MP: 7/11
  2955 | D:3      | Reached XP level 5. HP: 16/28 MP: 8/13
  3837 | D:4      | Noticed Menkaure
  3978 | D:4      | Reached skill level 6 in Necromancy
  4042 | D:4      | Noticed Duvessa
  4046 | D:4      | Noticed Dowan
  4058 | D:4      | Killed Duvessa
  4058 | D:4      | Reached skill level 5 in Spellcasting
  4058 | D:4      | Reached XP level 6. HP: 32/32 MP: 1/15
  4086 | D:3      | Killed Dowan
  4086 | D:3      | Reached skill level 5 in Stealth
  4334 | D:4      | Reached XP level 7. HP: 34/36 MP: 11/17
  4418 | D:5      | Entered Level 5 of the Dungeon
  4425 | D:5      | Reached skill level 5 in Dodging
  4525 | D:4      | Noticed Pikel
  4692 | D:5      | Reached skill level 7 in Necromancy
  4694 | D:5      | Slain by an orc wizard

Illustrated notes

Levels and vault maps discovered:
D:1:      minmay_arrival_four_circles, layout_basic
D:2:      layout_loops_ring
D:3:      layout_rooms, kennysheep_generic_room_8
D:4:      layout_cave_pools, serial_shops, nicolae_shop_waterfront, uniq_pikel,
          uniq_menkaure, uniq_duvessa
D:5:      layout_basic

Skill      XL: |  1  2  3  4  5  6  7 |
---------------+----------------------+-----
Necromancy     | 5 6 7 |  7.0
Stealth        | 3 4 5 6 |  6.0
Dodging        | 3 4 5 |  5.4
Spellcasting   | 4 5 6 |  6.3

Action                   |  1- 3 |  4- 6 |  7- 9 || total
-------------------------+-------+-------+-------++-------
Melee: Unarmed           |       |    33 |    18 ||    51
 Cast: Pain              |    78 |    85 |    21 ||   184
       Animate Skeleton  |     2 |     3 |     4 ||     9
       Vampiric Draining |       |    10 |     8 ||    18
  Use: Scroll            |     4 |       |       ||     4
 Stab: Sleeping          |       |     1 |       ||     1
Armor: Robe              |       |    16 |    14 ||    30
Dodge: Dodged            |     4 |    41 |    29 ||    74
Block: Other             |       |    20 |     8 ||    28
       Reflection        |       |     3 |       ||     3

Table legend: (Time is in decaauts)
 A = Elapsed time spent in this place.
 B = Non-inter-level travel time spent in this place.
 C = Inter-level travel time spent in this place.
 D = Time resting spent in this place.
 E = Time spent auto-exploring this place.
 F = Levels seen in this place.
 G = Mean time per level.
                   A        B        C        D        E       F      G
               +--------+--------+--------+--------+--------+-----+--------+
         Total |   4701 |   4651 |     50 |    884 |   2972 |   5 |  940.2 |
       Dungeon |   4701 |   4651 |     50 |    884 |   2972 |   5 |  940.2 |
               +--------+--------+--------+--------+--------+-----+--------+

Top non-repeatable levels by time:
     D:2: 1495 daAuts
     D:3: 1419 daAuts
     D:1: 1301 daAuts
     D:4: 324 daAuts
     D:5: 160 daAuts
